[Event "Titled Tuesday Blitz February 15 Early 2022"]
[White "Andreikin, Dmitry"]
[Black "Erigaisi Arjun"]
[WhiteFideId "4158814"]
[BlackFideId "35009192"]
[WhiteElo "2736"]
[BlackElo "2745"]
[Result "1-0"]
[Round "07"]
[TimeControl "180+1"]
[Date "2022.02.15"]
[WhiteClock "0:00:56"]
[BlackClock "0:01:10"]

1. d4 d5 2. c4 e6 3. Nc3 Nf6 4. cxd5 exd5 5. Bg5 c6 6. e3 Bf5 7. Qf3 Bg6 8. Bxf6 Qxf6 9. Qxf6 gxf6 10. Nf3 Nd7 11. Nh4 Bd6 12. g3 O-O-O 13. Kd2 Kc7 14. Bd3 b5 15. Rhc1 Kb7 16. a4 a6 17. Ke2 Nb6 18. b3 Bb4 19. Ra2 Nc8 20. Rac2 Ne7 21. Nd1 Ba3 22. Ra1 Bb4 23. axb5 axb5 24. Rca2 Ra8 25. Rxa8 Rxa8 26. Rxa8 Kxa8 27. f3 Kb7 28. Nf2 Kb6 29. Ng4 Ng8 30. f4 Ka5 31. Nf2 Ne7 32. f5 Bh5+ 33. g4 Bd6 34. gxh5 Bxh2 35. Ng4 Bg3 36. Nf3 Ng8 37. e4 1-0


[Site "https://www.chess.com"]

[Event "Titled Tuesday Blitz February 15 Early 2022"]
[White "Aradhya, Garg"]
[Black "Indjic, Aleksandar"]
[WhiteFideId "25006746"]
[BlackFideId "911925"]
[WhiteElo "2169"]
[BlackElo "2616"]
[Result "0-1"]
[Round "07"]
[TimeControl "180+1"]
[Date "2022.02.15"]
[WhiteClock "0:00:12"]
[BlackClock "0:00:36"]

1. d4 Nf6 2. c4 c5 3. dxc5 e6 4. Be3 Na6 5. Nc3 Nxc5 6. g3 Qb6 7. Qc2 Qc6 8. Nf3 b6 9. Bg2 Bb7 10. O-O d6 11. Rfd1 Be7 12. h3 O-O 13. Rac1 Ncd7 14. b3 a6 15. a4 Qc7 16. Ne1 Rac8 17. Nd3 Bxg2 18. Kxg2 Qb7+ 19. f3 d5 20. cxd5 Nxd5 21. Qd2 Nxe3+ 22. Qxe3 Nf6 23. Ne5 Ba3 24. Rb1 Bb4 25. Ne4 Nd5 26. Qd4 f5 27. Nd3 Be7 28. Nd2 Bf6 29. Qf2 Nc3 30. Nc4 Nxd1 31. Rxd1 Rfd8 32. Qxb6 Qxb6 33. Nxb6 Rc2 34. Kf1 e5 35. Nc4 e4 36. fxe4 fxe4 37. Nf2 Rxd1+ 38. Nxd1 Rc1 39. Ne3 Rb1 40. Kg2 Rxb3 41. Nd5 Ra3 42. Nf2 Rxa4 43. h4 a5 44. Ng4 Bd4 45. e3 Bb2 46. Nb6 Ra1 47. Nc4 a4 48. Nxb2 Ra2 49. Ne5 Rxb2+ 50. Kh3 Rc2 51. Kg4 a3 52. Kf4 a2 53. Kxe4 a1=Q 54. Kd3 Qxe5 55. Kxc2 Qxe3 56. Kd1 Qxg3 57. h5 Qf2 58. Kc1 g5 59. hxg6 hxg6 60. Kb1 g5 61. Ka1 g4 62. Kb1 g3 63. Ka1 g2 0-1


[Site "https://www.chess.com"]

[Event "Titled Tuesday Blitz February 15 Early 2022"]
[White "Araujo Filho, Luiz Antonio Coel"]
[Black "Nadeev, Sergey"]
[WhiteFideId "2130661"]
[BlackFideId "4180038"]
[WhiteElo "2190"]
[BlackElo "2369"]
[Result "0-1"]
[Round "07"]
[TimeControl "180+1"]
[Date "2022.02.15"]
[WhiteClock "0:00:06"]
[BlackClock "0:00:16"]

1. d4 Nf6 2. Nf3 d5 3. e3 e6 4. Bd3 c5 5. c3 Nc6 6. Nbd2 Be7 7. Qe2 O-O 8. O-O a6 9. dxc5 Bxc5 10. e4 dxe4 11. Nxe4 Be7 12. h3 Qc7 13. Re1 b5 14. Bc2 Bb7 15. Neg5 Rad8 16. g3 b4 17. Bf4 Qa5 18. c4 g6 19. b3 Nd4 20. Nxd4 Rxd4 21. Nxe6 fxe6 22. Qxe6+ Rf7 23. Re5 Qd8 24. Rg5 Ne4 25. Re5 Nc5 26. Qg4 Nd3 27. Bxd3 Rxd3 28. Rae1 Bc6 29. Bh6 Rdf3 30. Rxe7 Rxe7 31. Rxe7 Qxe7 32. Qc8+ Be8 33. Qc6 Rf6 34. Qd5+ Bf7 35. Qa8+ Qe8 36. Qb7 Re6 37. Be3 Rxe3 38. fxe3 Qxe3+ 39. Kh2 Qf2+ 40. Kh1 Qxg3 41. Qxa6 Qxh3+ 42. Kg1 Be6 43. Qa8+ Kg7 44. Qe4 Bf5 45. Qe5+ Kf7 46. Qc7+ Kf6 47. Qd6+ Kg5 48. Qxb4 Qg3+ 49. Kf1 Bd3# 0-1


[Site "https://www.chess.com"]

[Event "Titled Tuesday Blitz February 15 Early 2022"]
[White "Atakhan, Abtin"]
[Black "Stankovic, Ivan G"]
[WhiteFideId "22502203"]
[BlackFideId "902837"]
[WhiteElo "2119"]
[BlackElo "2195"]
[Result "1-0"]
[Round "07"]
[TimeControl "180+1"]
[Date "2022.02.15"]
[WhiteClock "0:00:53"]
[BlackClock "0:00:21"]

1. Nf3 c5 2. c4 Nc6 3. Nc3 e5 4. e3 f5 5. d4 e4 6. Ne5 Nf6 7. Be2 Be7 8. O-O O-O 9. Nd5 Bd6 10. f4 exf3 11. Nxf3 Ne4 12. b3 b6 13. Bb2 Bb7 14. Nd2 Qh4 15. Nf3 Qh6 16. Ne5 Nxe5 17. dxe5 Bb8 18. Bf3 Bc6 19. Bxe4 fxe4 20. Ne7+ 1-0


[Site "https://www.chess.com"]

[Event "Titled Tuesday Blitz February 15 Early 2022"]
[White "Avazkhonov, Alikhon"]
[Black "Blokhin, Sofia"]
[WhiteFideId "14208504"]
[BlackFideId "4508190"]
[WhiteElo "1739"]
[BlackElo "1762"]
[Result "1-0"]
[Round "07"]
[TimeControl "180+1"]
[Date "2022.02.15"]
[WhiteClock "0:00:03"]
[BlackClock "0:00:46"]

1. e4 c5 2. Nc3 e6 3. Nge2 g6 4. g3 Bg7 5. Bg2 Nc6 6. O-O Nge7 7. d3 O-O 8. Be3 b6 9. Qd2 d5 10. Bh6 d4 11. Nd1 e5 12. Bxg7 Kxg7 13. f4 f6 14. f5 g5 15. g4 b5 16. Ng3 Bd7 17. Nf2 Be8 18. Bf3 Bf7 19. Kg2 c4 20. Rh1 Rh8 21. h4 h6 22. Rh3 Qd7 23. Rah1 a5 24. hxg5 hxg5 25. Nh5+ Bxh5 26. Rxh5 Rxh5 27. Rxh5 Rh8 28. Nh3 Rxh5 29. gxh5 Kh6 30. Nf2 Qd6 31. Ng4+ Kh7 32. Qd1 Ng8 33. h6 Nxh6 34. Qh1 Qf8 35. Qh5 Qg7 36. Qe8 Nxg4 37. Bxg4 Nb4 38. Qxb5 Nxc2 39. dxc4 Ne3+ 40. Kf3 Qh6 41. Qd7+ Kg8 42. Qe8+ Kh7 43. Bh5 g4+ 44. Ke2 Qf4 45. Bg6+ Kh6 46. Qh8+ Kg5 47. Qh5# 1-0


[Site "https://www.chess.com"]

[Event "Titled Tuesday Blitz February 15 Early 2022"]
[White "Balint, Vilmos"]
[Black "Cherniaiev, Tykhon"]
[WhiteFideId "718050"]
[BlackFideId "14182360"]
[WhiteElo "2059"]
[BlackElo "2289"]
[Result "0-1"]
[Round "07"]
[TimeControl "180+1"]
[Date "2022.02.15"]
[WhiteClock "0:01:48"]
[BlackClock "0:01:40"]

1. d4 Nf6 2. Nc3 d5 3. Bf4 e6 4. Qd2 a6 5. a3 c5 6. e3 cxd4 7. exd4 Nc6 8. Nf3 Bd6 9. O-O-O b5 10. Na2 Ne4 11. Qe3 Bxf4 12. Qxf4 Nxf2 13. Ng5 Qf6 14. Qd6 Qxg5+ 15. Kb1 Bd7 16. Bd3 Qe7 17. Qg3 Nxh1 18. Qxg7 O-O-O 19. Rxh1 Rhg8 20. Qh6 Rxg2 21. a4 Nb4 22. Nxb4 Qxb4 23. axb5 Bxb5 24. Qxh7 Bxd3 25. Qxd3 Qc4 0-1


[Site "https://www.chess.com"]

[Event "Titled Tuesday Blitz February 15 Early 2022"]
[White "Bashirli, Saadat"]
[Black "Klyashtorny, Vladislav"]
[WhiteFideId "13429990"]
[BlackFideId "4170938"]
[WhiteElo "1173"]
[BlackElo "2385"]
[Result "1-0"]
[Round "07"]
[TimeControl "180+1"]
[Date "2022.02.15"]
[WhiteClock "0:00:16"]
[BlackClock "0:00:12"]

1. d4 d5 2. Bg5 h6 3. Bf4 c5 4. Nf3 Nc6 5. e3 g5 6. Bg3 Bg7 7. c3 cxd4 8. exd4 Nf6 9. Bd3 Nh5 10. O-O Nxg3 11. fxg3 e6 12. Na3 a6 13. Nc2 Bd7 14. Qe2 Qe7 15. b4 h5 16. a4 g4 17. Nh4 Bf6 18. Qf2 Rf8 19. Rae1 Bxh4 20. gxh4 f5 21. Ne3 O-O-O 22. Nxd5 Qd6 23. Nb6+ Kc7 24. Nc4 Qd5 25. Ne5 Rde8 26. Qf4 Kc8 27. Bc4 Qd6 28. b5 Na5 29. Bd3 axb5 30. axb5 b6 31. c4 Kc7 32. Kh1 Re7 33. c5 Qd5 34. Rc1 Kd8 35. c6 Bc8 36. Nc4 Nxc4 37. Bxc4 Qe4 38. Qxe4 fxe4 39. Rxf8+ Re8 40. Rxe8+ Kxe8 41. d5 exd5 42. Bxd5 Ke7 43. Bxe4 Kd6 44. Bg6 1-0


[Site "https://www.chess.com"]

[Event "Titled Tuesday Blitz February 15 Early 2022"]
[White "Begunov, Konstantin"]
[Black "Gant, Chris J"]
[WhiteFideId "4118510"]
[BlackFideId "403946"]
[WhiteElo "2262"]
[BlackElo "2185"]
[Result "1-0"]
[Round "07"]
[TimeControl "180+1"]
[Date "2022.02.15"]
[WhiteClock "0:00:11"]
[BlackClock "0:00:01"]

1. d4 Nf6 2. c4 c5 3. Nf3 cxd4 4. Nxd4 Nc6 5. Nc3 g6 6. g3 Bg7 7. Bg2 O-O 8. O-O Ng4 9. Nc2 d6 10. h3 Nge5 11. Ne3 Be6 12. Ncd5 a6 13. Bd2 Nd7 14. Bc3 Bxc3 15. Nxc3 Rb8 16. Rc1 a5 17. Ncd5 Nc5 18. Qd2 a4 19. Rfd1 Qc8 20. Kh2 b5 21. h4 b4 22. h5 b3 23. a3 Qd7 24. h6 f6 25. Nf4 Bf7 26. Ned5 Ne5 27. Bh3 e6 28. Nc3 Rbd8 29. Nb5 Ne4 30. Qe3 f5 31. f3 Ng5 32. Nxd6 Nxh3 33. Kxh3 Nc6 34. Nxf5 Qc8 35. Nd6 Qd7 36. Qc3 e5+ 37. Kg2 exf4 38. Qg7# 1-0


[Site "https://www.chess.com"]

[Event "Titled Tuesday Blitz February 15 Early 2022"]
[White "Bhagwat, Vinod"]
[Black "Kraus, Tomas"]
[WhiteFideId "5005949"]
[BlackFideId "331708"]
[WhiteElo "2115"]
[BlackElo "2389"]
[Result "1-0"]
[Round "07"]
[TimeControl "180+1"]
[Date "2022.02.15"]
[WhiteClock "0:00:06"]
[BlackClock "0:00:01"]

1. d4 Nf6 2. c4 c5 3. d5 e6 4. Nc3 exd5 5. cxd5 d6 6. Nf3 g6 7. h3 Bg7 8. e4 O-O 9. Bd3 a6 10. O-O b5 11. a3 Re8 12. Re1 Nbd7 13. Bg5 Qc7 14. Rc1 h6 15. Bf4 Bb7 16. Bxb5 axb5 17. Nxb5 Qb6 18. Nxd6 Red8 19. Nxb7 Qxb7 20. Qd2 Kh7 21. Qc2 Nh5 22. Be3 Qxb2 23. Bxc5 Nxc5 24. Qxc5 Qxa3 25. Qxa3 Rxa3 26. Rc7 Kg8 27. Rec1 Nf4 28. Rc8 Ra8 29. Rxd8+ Rxd8 30. Kh2 f5 31. exf5 gxf5 32. g3 Nd3 33. Rc2 Rxd5 34. Rd2 Nb4 35. Rxd5 Nxd5 36. Nh4 Ne7 37. g4 Be5+ 38. Kg2 f4 39. Kf3 Kf7 40. Ke4 Ke6 41. Ng2 Nd5 42. h4 Nf6+ 43. Kf3 Nd5 44. Ke4 Nc3+ 45. Kf3 Nd1 46. h5 Kf6 47. Nh4 Kg5 48. Nf5 Nc3 49. Ne7 Nb5 50. Nd5 Nd4+ 51. Ke4 Bg7 52. f3 Ne2 53. Nc7 1-0


[Site "https://www.chess.com"]

[Event "Titled Tuesday Blitz February 15 Early 2022"]
[White "Bon, Michael"]
[Black "Tanenbaum, Zachary"]
[WhiteFideId "620696"]
[BlackFideId "2060850"]
[WhiteElo "2445"]
[BlackElo "2168"]
[Result "0-1"]
[Round "07"]
[TimeControl "180+1"]
[Date "2022.02.15"]
[WhiteClock "0:02:04"]
[BlackClock "0:01:41"]

1. e4 e5 2. f4 exf4 3. Nc3 Qh4+ 4. Ke2 Nf6 5. Nf3 Qh5 6. e5 Ng4 7. d4 d6 8. Nd5 Na6 9. Nxf4 Qf5 10. h3 Qe4+ 0-1


[Site "https://www.chess.com"]

[Event "Titled Tuesday Blitz February 15 Early 2022"]
[White "Borisova, Ekaterina"]
[Black "Annaberdiyev, Babageldi"]
[WhiteFideId "34124184"]
[BlackFideId "14000385"]
[WhiteElo "2034"]
[BlackElo "2332"]
[Result "0-1"]
[Round "07"]
[TimeControl "180+1"]
[Date "2022.02.15"]
[WhiteClock "0:00:01"]
[BlackClock "0:01:04"]

1. d4 e6 2. c4 f5 3. Nc3 Nf6 4. g3 Bb4 5. Bd2 O-O 6. Bg2 d6 7. Nf3 Nbd7 8. O-O Bxc3 9. Bxc3 Ne4 10. Qc2 b6 11. Nd2 Nxc3 12. Qxc3 Rb8 13. Rfe1 Bb7 14. Bxb7 Rxb7 15. e4 f4 16. e5 dxe5 17. dxe5 Qg5 18. Rad1 fxg3 19. hxg3 Nc5 20. b4 Qf5 21. f4 Nd3 22. Re3 Nxf4 23. gxf4 Qg4+ 24. Rg3 Qxd1+ 25. Kh2 c5 26. Ne4 Qh5+ 27. Kg1 Rbf7 28. Nf6+ Rxf6 29. exf6 Qd1+ 30. Kh2 Qe2+ 31. Rg2 Qh5+ 32. Kg1 g6 33. Qe5 Qh3 34. Rh2 Qg4+ 35. Rg2 Qf5 36. Rd2 Qxf6 37. Qxf6 Rxf6 38. bxc5 bxc5 39. Rd7 Rxf4 40. Rxa7 Rxc4 41. Kf2 h5 42. a4 h4 43. a5 Ra4 44. a6 g5 45. Kf3 g4+ 46. Kg2 Ra2+ 47. Kg1 g3 48. Kf1 h3 49. Ke1 h2 0-1


[Site "https://www.chess.com"]

[Event "Titled Tuesday Blitz February 15 Early 2022"]
[White "Bortnyk, Olexandr"]
[Black "Rostovtsev, Dmitry"]
[WhiteFideId "14120828"]
[BlackFideId "34278320"]
[WhiteElo "2723"]
[BlackElo "2218"]
[Result "1-0"]
[Round "07"]
[TimeControl "180+1"]
[Date "2022.02.15"]
[WhiteClock "0:01:15"]
[BlackClock "0:00:04"]

1. d4 Nf6 2. Nc3 d5 3. Bf4 a6 4. e3 e6 5. Nf3 c5 6. a3 Nc6 7. Bd3 Bd6 8. dxc5 Bxc5 9. O-O O-O 10. e4 d4 11. e5 dxc3 12. exf6 gxf6 13. bxc3 Kh8 14. Nh4 f5 15. Qh5 Rg8 16. Nf3 f6 17. Rfe1 Qe8 18. Qxe8 Rxe8 19. Bxf5 e5 20. Bd3 Be6 21. Bg3 Rac8 22. Nd2 Bf8 23. Ne4 Be7 24. Bh4 Kg7 25. Ng3 Na5 26. Re3 Rxc3 27. Nh5+ Kf7 28. Nxf6 Bxf6 29. Rf3 Kg8 30. Bxf6 Nc6 31. Bxh7+ Kxh7 32. Rxc3 Kg6 33. Bh4 Kf5 34. Re1 e4 35. Rc5+ Kg4 36. Rxe4# 1-0


[Site "https://www.chess.com"]

[Event "Titled Tuesday Blitz February 15 Early 2022"]
[White "Brunner, Nicolas"]
[Black "Hoffmann, Asa"]
[WhiteFideId "620246"]
[BlackFideId "2001470"]
[WhiteElo "2372"]
[BlackElo "2117"]
[Result "1-0"]
[Round "07"]
[TimeControl "180+1"]
[Date "2022.02.15"]
[WhiteClock "0:00:09"]
[BlackClock "0:00:04"]

1. d4 Nf6 2. c4 c5 3. d5 e5 4. Nc3 d6 5. e4 Be7 6. Bd3 Nbd7 7. h3 Nf8 8. Nf3 Ng6 9. g3 O-O 10. Kf1 a6 11. a4 b6 12. Kg2 h6 13. Be3 Nh7 14. Qd2 Bg5 15. Nxg5 hxg5 16. Be2 Nf4+ 17. gxf4 gxf4 18. Bxf4 exf4 19. Qxf4 f5 20. e5 dxe5 21. Qxe5 Re8 22. Qg3 Qf6 23. Bd3 Bd7 24. Rae1 Ng5 25. f4 Ne4 26. Bxe4 fxe4 27. Kh2 Bf5 28. Rhg1 Qd4 29. Rd1 Qf6 30. Qg5 Kf7 31. Rg3 Qxg5 32. fxg5 Kg6 33. Ne2 Rf8 34. Nf4+ Kf7 35. g6+ Ke7 36. Nh5 Rg8 37. Re1 Raf8 38. Rg5 Kd6 39. Ng3 Bd7 40. Nxe4+ Kc7 41. Re5 Rh8 42. Re3 Bxa4 43. Re7+ Kb8 44. Rxg7 Bc2 45. Ng5 Rf6 46. Ree7 Rxg6 47. Rb7+ Ka8 48. Rxg6 Bxg6 49. Rxb6 Bd3 50. Rxa6+ Kb7 51. Ra4 Rh5 52. Ne6 Bf5 53. Nxc5+ Kb6 54. b4 Rxh3+ 55. Kg2 Rc3 56. Ra6+ Kc7 57. Rc6+ Kb8 58. Na6+ Kb7 59. b5 Bd3 60. d6 1-0


[Site "https://www.chess.com"]

[Event "Titled Tuesday Blitz February 15 Early 2022"]
[White "Budrewicz, Krzysztof"]
[Black "Corrales Jimenez, Fidel"]
[WhiteFideId "1127950"]
[BlackFideId "3506690"]
[WhiteElo "2580"]
[BlackElo "2807"]
[Result "0-1"]
[Round "07"]
[TimeControl "180+1"]
[Date "2022.02.15"]
[WhiteClock "0:00:51"]
[BlackClock "0:01:15"]

1. d4 Nf6 2. c4 g6 3. Nc3 d5 4. h4 c5 5. cxd5 Nxd5 6. e3 Nc6 7. h5 cxd4 8. exd4 Bg7 9. Nf3 Bg4 10. Be2 O-O 11. hxg6 hxg6 12. Bh6 Bxh6 13. Rxh6 Nf4 14. d5 Bxf3 15. Bxf3 Ne5 16. Kf1 Qb6 17. Qd2 Nfd3 18. Rb1 Kg7 19. Rh3 Rh8 20. Rxh8 Rxh8 21. Kg1 Nxf2 22. Na4 Rh1# 0-1


[Site "https://www.chess.com"]

[Event "Titled Tuesday Blitz February 15 Early 2022"]
[White "Bugayev, Vladimir"]
[Black "Bodnaruk, Anastasia"]
[WhiteFideId "30901480"]
[BlackFideId "4181751"]
[WhiteElo "2400"]
[BlackElo "2393"]
[Result "0-1"]
[Round "07"]
[TimeControl "180+1"]
[Date "2022.02.15"]
[WhiteClock "0:00:39"]
[BlackClock "0:00:15"]

1. e4 c5 2. Nc3 d6 3. f4 Nc6 4. Nf3 g6 5. Bc4 Bg7 6. O-O e6 7. d4 Nxd4 8. Be3 Nxf3+ 9. Qxf3 a6 10. f5 Nf6 11. e5 dxe5 12. fxe6 fxe6 13. Bg5 Qd4+ 14. Kh1 O-O 15. Qe2 b5 16. Bd3 Bb7 17. Bxf6 Rxf6 18. Be4 Rxf1+ 19. Rxf1 Bxe4 20. Nxe4 Qxb2 21. Nxc5 Qxa2 22. h3 Rc8 23. Qf2 Rf8 24. Qe2 Rxf1+ 25. Qxf1 Qc4 26. Qf2 e4 27. Nd7 Qd4 28. Qxd4 Bxd4 29. g4 a5 30. Kg2 a4 31. Kf1 a3 32. Ke2 a2 0-1


[Site "https://www.chess.com"]

[Event "Titled Tuesday Blitz February 15 Early 2022"]
[White "Bures, Vit"]
[Black "Przybylski, Wojciech"]
[WhiteFideId "309052"]
[BlackFideId "1117599"]
[WhiteElo "2118"]
[BlackElo "2133"]
[Result "0-1"]
[Round "07"]
[TimeControl "180+1"]
[Date "2022.02.15"]
[WhiteClock "0:00:59"]
[BlackClock "0:00:34"]

1. d4 Nf6 2. c4 e6 3. Nc3 Bb4 4. e3 O-O 5. Ne2 d5 6. a3 Bd6 7. Ng3 b6 8. cxd5 exd5 9. Bd3 Re8 10. O-O c5 11. dxc5 bxc5 12. Nh5 Nbd7 13. Bb5 Nxh5 14. Qxh5 Nf6 15. Qf3 Bg4 16. Bxe8 Qxe8 17. Qxg4 Nxg4 18. Nxd5 Qe5 19. Nf4 g5 20. h3 Nf6 0-1


[Site "https://www.chess.com"]

[Event "Titled Tuesday Blitz February 15 Early 2022"]
[White "Buscar, Michael"]
[Black "Viskelis, Darius"]
[WhiteFideId "2603616"]
[BlackFideId "12800830"]
[WhiteElo "2010"]
[BlackElo "1999"]
[Result "0-1"]
[Round "07"]
[TimeControl "180+1"]
[Date "2022.02.15"]
[WhiteClock "0:00:08"]
[BlackClock "0:00:15"]

1. e4 Nc6 2. Nf3 d6 3. d4 Bg4 4. Be2 Nf6 5. Nc3 e6 6. Be3 d5 7. e5 Ne4 8. h3 Bh5 9. O-O Be7 10. Nh2 Nxc3 11. bxc3 Bxe2 12. Qxe2 O-O 13. f4 Na5 14. Rf3 f5 15. exf6 Bxf6 16. Raf1 Nc4 17. Bc1 Qd7 18. Ng4 Rae8 19. Ne5 Bxe5 20. fxe5 Rxf3 21. Qxf3 Qe7 22. Qg4 Rf8 23. Rxf8+ Kxf8 24. Qh5 Kg8 25. Bg5 Qf7 26. Qg4 Qg6 27. Qf4 Qxc2 28. Be7 Qf5 29. Qh4 Ne3 30. Kh2 Qe4 31. Qxe4 dxe4 32. Bd8 c6 33. Ba5 b6 34. Bb4 Nd5 35. Kg3 a5 36. Ba3 Nxc3 37. Kf4 Nxa2 38. Kxe4 Nb4 39. g4 Kf7 40. h4 g6 41. h5 gxh5 42. gxh5 Kg7 43. Bc1 a4 44. Bd2 Nc2 45. Bc1 a3 46. Kd3 a2 47. Bb2 a1=Q 48. Bxa1 Nxa1 0-1


[Site "https://www.chess.com"]

[Event "Titled Tuesday Blitz February 15 Early 2022"]
[White "Chigaev, Maksim"]
[Black "Paravyan, David"]
[WhiteFideId "4108116"]
[BlackFideId "4194985"]
[WhiteElo "2502"]
[BlackElo "2569"]
[Result "1-0"]
[Round "07"]
[TimeControl "180+1"]
[Date "2022.02.15"]
[WhiteClock "0:00:10"]
[BlackClock "0:00:02"]

1. d4 Nf6 2. c4 g6 3. h4 c5 4. d5 Bg7 5. Nc3 d6 6. e4 e6 7. h5 Nxh5 8. g4 Nf6 9. g5 Ng8 10. f4 Ne7 11. Nf3 exd5 12. cxd5 Bg4 13. Bh3 Bxh3 14. Rxh3 Nd7 15. Kf2 c4 16. Be3 Nc5 17. Bxc5 dxc5 18. e5 Nf5 19. d6 Qb6 20. Qa4+ Kf8 21. Qb5 Qxb5 22. Nxb5 a6 23. Nc3 b5 24. a4 b4 25. Ne4 Rc8 26. Nfd2 c3 27. bxc3 a5 28. Nc4 Ke8 29. Rd1 Kd7 30. Nb6+ Kc6 31. Nxc8 Rxc8 32. cxb4 axb4 33. Nxc5 Bf8 34. Ne4 Kb7 35. Rxh7 Ka6 36. Rxf7 b3 37. Rxf8 Rxf8 38. Nc5+ Ka5 39. Nxb3+ Kb4 40. Nd4 Nh4 41. Ne6 Rc8 42. Rd2 Rc2 43. Rxc2 1-0


[Site "https://www.chess.com"]

[Event "Titled Tuesday Blitz February 15 Early 2022"]
[White "Clawitter, Craig"]
[Black "Mirzanurov, Bulat"]
[WhiteFideId "2023105"]
[BlackFideId "4184521"]
[WhiteElo "2136"]
[BlackElo "2116"]
[Result "1/2-1/2"]
[Round "07"]
[TimeControl "180+1"]
[Date "2022.02.15"]
[WhiteClock "0:00:06"]
[BlackClock "0:00:16"]

1. e4 c5 2. Nf3 d6 3. d4 cxd4 4. Nxd4 Nf6 5. Nc3 a6 6. Be3 e5 7. Nb3 Be7 8. f3 Be6 9. Qd2 O-O 10. O-O-O Nbd7 11. g4 b5 12. Rg1 b4 13. Nd5 Bxd5 14. exd5 Nb6 15. Na5 Nfxd5 16. Nc6 Qc7 17. Nxe7+ Qxe7 18. Bxb6 Nxb6 19. Qxd6 Qg5+ 20. Qd2 Qxd2+ 21. Rxd2 a5 22. Bd3 Rfd8 23. Rgd1 g6 24. h4 Rd6 25. h5 Rad8 26. hxg6 fxg6 27. Bb5 Rxd2 28. Rxd2 Rxd2 29. Kxd2 Kf7 30. Ke3 Ke6 31. Ke4 h5 32. gxh5 gxh5 33. Bf1 h4 34. c4 Na4 35. Bh3+ Kd6 36. a3 Nxb2 37. axb4 axb4 38. Bf1 b3 39. Ke3 Nxc4+ 40. Bxc4 h3 41. Kf2 b2 42. Bd3 Kd5 43. Kg3 Kd4 44. Be4 Ke3 45. Kxh3 Kf4 46. Kg2 Ke3 47. Kg3 Ke2 48. Kg4 Ke3 49. Kg3 Ke2 50. Kg4 Ke3 51. Kg3 1/2-1/2


[Site "https://www.chess.com"]

[Event "Titled Tuesday Blitz February 15 Early 2022"]
[White "Cori T., Deysi"]
[Black "Arabidze, Meri"]
[WhiteFideId "3801934"]
[BlackFideId "13604040"]
[WhiteElo "2350"]
[BlackElo "2329"]
[Result "1-0"]
[Round "07"]
[TimeControl "180+1"]
[Date "2022.02.15"]
[WhiteClock "0:00:06"]
[BlackClock "0:00:09"]

1. d4 d5 2. c4 dxc4 3. e3 Nf6 4. Bxc4 a6 5. Nf3 e6 6. O-O b5 7. Bd3 Bb7 8. Qe2 Nbd7 9. Rd1 Be7 10. e4 c5 11. e5 Nd5 12. Nc3 c4 13. Bb1 Nxc3 14. bxc3 Nb6 15. Be4 Bxe4 16. Qxe4 Qd5 17. Qg4 g6 18. Bg5 h5 19. Qf4 Ra7 20. Bxe7 Rxe7 21. Ng5 Qc6 22. Ne4 Nd5 23. Qf3 O-O 24. Re1 Rc7 25. g4 hxg4 26. Qxg4 f5 27. Qg5 fxe4 28. Rxe4 Rf5 29. Qd8+ Rf8 30. Qg5 Rh7 31. Rae1 Ne7 32. h4 Rf5 33. Qg4 a5 34. R1e3 b4 35. Rg3 b3 36. axb3 cxb3 37. Re1 a4 38. d5 exd5 39. e6 b2 40. Qb4 Qc4 41. Qb8+ Kg7 42. Qb7 Qxh4 43. Kf1 Qh1+ 44. Ke2 Qe4+ 45. Kd2 Qf4+ 46. Rge3 Qxf2+ 47. R1e2 Qf4 48. Qxe7+ Kg8 49. Qd8+ Rf8 50. Qb6 a3 51. e7 Qf5 52. exf8=Q+ Qxf8 53. Qxg6+ Rg7 54. Qe6+ Qf7 55. Qc8+ Kh7 56. Rh3+ Kg6 57. Rg2+ Kf6 58. Rf3+ Ke5 59. Re2+ Kd6 60. Rxf7 Rxf7 61. Qb8+ Kc5 62. Qb4+ Kc6 63. Re6+ Kd7 64. Qd6+ Kc8 65. Re8+ Kb7 66. Rb8+ Ka7 67. Qb6# 1-0


[Site "https://www.chess.com"]

[Event "Titled Tuesday Blitz February 15 Early 2022"]
[White "Coto Mederos, Michel"]
[Black "Dzhaparov, Medet"]
[WhiteFideId "3508528"]
[BlackFideId "13803689"]
[WhiteElo "2427"]
[BlackElo "1702"]
[Result "1-0"]
[Round "07"]
[TimeControl "180+1"]
[Date "2022.02.15"]
[WhiteClock "0:01:42"]
[BlackClock "0:01:57"]

1. c4 Nf6 2. Nc3 g6 3. g3 d5 4. Bg2 c6 5. cxd5 cxd5 6. d4 Bg7 7. Nf3 Nc6 8. O-O O-O 9. Ne5 Bf5 10. Nxc6 bxc6 11. Bf4 Qb6 12. Na4 Qb5 13. Rc1 e6 14. b3 Be4 15. f3 Bf5 16. g4 Bxg4 17. fxg4 Nxg4 18. e3 Qb7 19. Qxg4 f5 20. Qg3 1-0


[Site "https://www.chess.com"]

[Event "Titled Tuesday Blitz February 15 Early 2022"]
[White "Cramling Bellon, Anna"]
[Black "Matveeva, Olga"]
[WhiteFideId "32009232"]
[BlackFideId "24107018"]
[WhiteElo "1905"]
[BlackElo "2083"]
[Result "1-0"]
[Round "07"]
[TimeControl "180+1"]
[Date "2022.02.15"]
[WhiteClock "0:00:19"]
[BlackClock "0:00:29"]

1. d4 d5 2. c4 e6 3. Nc3 Nf6 4. cxd5 exd5 5. Bg5 Be7 6. e3 O-O 7. Bd3 Bg4 8. f3 Bh5 9. Nge2 Bg6 10. O-O c6 11. Qc2 Nbd7 12. Rae1 Bxd3 13. Qxd3 h6 14. Bh4 c5 15. e4 dxe4 16. fxe4 cxd4 17. Nxd4 Ne5 18. Qd1 Bc5 19. Ne2 Neg4 20. e5 Nxe5 21. Bxf6 gxf6 22. Kh1 Re8 23. Qd2 Ng4 24. Qf4 Qd7 25. Nf5 h5 26. h3 Ne3 27. Qg3+ Ng4 28. hxg4 h4 29. Qxh4 Be3 30. Qxf6 1-0


[Site "https://www.chess.com"]

[Event "Titled Tuesday Blitz February 15 Early 2022"]
[White "Csonka, Balazs"]
[Black "Vidit, Santosh Gujrathi"]
[WhiteFideId "742910"]
[BlackFideId "5029465"]
[WhiteElo "2404"]
[BlackElo "2654"]
[Result "0-1"]
[Round "07"]
[TimeControl "180+1"]
[Date "2022.02.15"]
[WhiteClock "0:00:02"]
[BlackClock "0:00:24"]

1. d4 d5 2. c4 e6 3. Nc3 Be7 4. Nf3 Nf6 5. Bf4 O-O 6. e3 Nbd7 7. c5 Ne4 8. Bd3 Nxc3 9. bxc3 b6 10. c6 Nb8 11. Ne5 Bd6 12. Qh5 f5 13. Bg5 Qe8 14. Qxe8 Rxe8 15. f4 Bxe5 16. fxe5 Nxc6 17. Bb5 Bd7 18. Bxc6 Bxc6 19. h4 Kf7 20. Kd2 Bb5 21. h5 h6 22. Bf4 Re7 23. Rhg1 Kg8 24. g4 fxg4 25. Rxg4 Kh7 26. Rag1 Rf8 27. Rh4 Rf5 28. Rgh1 c5 29. Kc1 Rc7 30. Kd2 Be8 31. R1h2 cxd4 32. cxd4 Rc4 33. Kd3 Ra4 34. Kc3 Rc4+ 35. Kb3 a5 36. a3 Rf7 37. R4h3 Rfc7 38. Rg3 Rc3+ 39. Kb2 Rd3 40. Rgg2 Rcc3 41. Rc2 Rb3+ 42. Kc1 Rxa3 43. Rb2 Rac3+ 44. Rbc2 b5 45. Rxc3 Rxc3+ 46. Kb2 b4 0-1


[Site "https://www.chess.com"]